 Dungeon Crawl Stone Soup version 0.30-a0-702-gdf48620a09 (webtiles) character file.

Game seed: 3945225529353795514

615951 avis the Peltast (level 25, -27/231 HPs)
             Began as a Demigod Hunter on Jan 18, 2023.
             Killed from afar by a Brimstone Fiend (36 damage)
             ... with damnation
             ... in Pandemonium on Jan 22, 2023.
             The game lasted 12:30:27 (93860 turns).

avis the Peltast (Demigod Hunter)                  Turns: 93860, Time: 12:30:27

Health: -27/231    AC: 30    Str: 18    XL:     25   Next: 57%
Magic:  42/42      EV: 62    Int: 17    God:
Gold:   3636       SH: 31    Dex: 64    Spells: 32/43 levels left

rFire   + . .      SeeInvis .    b - +9 hand crossbow (heavy)
rCold   . . .      Faith    .    q - +5 kite shield {AC+3}
rNeg    + . .      Spirit   .    Q - +5 steam dragon scales
rPois   +          Reflect  .    H - +2 helmet of Nedwum {rN+ Dex+3}
rElec   +          Harm     +    M - +2 cloak {rCorr}
rCorr   +          Rampage  .    p - +1 pair of gloves of Pawiasic {Harm *Corrode +Blink rPois Str+6}
Will    ++...      Clarity  +    D - +2 pair of boots {Stlth+}
Stlth   ++++++++                 R - amulet of the Air {Inacc Air Fly rElec RMsl}
HPRegen 0.58/turn                v - ring "Veiluom" {Int+6 Dex+6}
MPRegen 0.28/turn                j - +6 ring of dexterity

@: flying, studying Maces & Flails, repel missiles
A: high MP 1, forlorn, divine attributes, iridescent scales 1, clarity, fire
resistance 1, mutation resistance 1
}: 3/15 runes: serpentine, barnacled, silver
a: Evoke Blink


You were in Pandemonium.
You visited 11 branches of the dungeon, and saw 50 of its levels.
You visited Pandemonium 1 time, and saw 2 of its levels.
You visited the Abyss 1 time.
You visited 1 bazaar.
You also visited: Ossuary, Ice Cave and Volcano.

You collected 8580 gold pieces.
You spent 4944 gold pieces at shops.

Inventory:

Hand Weapons
 a - the +10 falchion of the Iron City of Dis {heavy, Int+4 Dex+5}
   (You bought it in a shop on level 3 of the Elven Halls)

   Int:       It affects your intelligence (+4).
   Dex:       It affects your dexterity (+5).
 b - a +9 heavy hand crossbow (weapon)
Armour
 p - the +1 pair of gloves of Pawiasic (worn) {Harm *Corrode +Blink rPois Str+6}
   (You found it on level 3 of the Crypt)

   Str:       It affects your strength (+6).
   rPois:     It protects you from poison.
   +Blink:    It lets you blink.
   *Corrode:  It may corrode you when you take damage.
   Harm:      It increases damage dealt and taken.
 q - a +5 kite shield of protection (worn)
 D - a +2 pair of boots of stealth (worn)
 H - the +2 helmet of Nedwum (worn) {rN+ Dex+3}
   (You found it on level 1 of the Elven Halls)

   Dex:       It affects your dexterity (+3).
   rN:        It protects you from negative energy.
 M - a +2 cloak of preservation (worn)
 Q - +5 steam dragon scales (worn)
Jewellery
 h - a ring of see invisible
 j - a +6 ring of dexterity (right hand)
 v - the ring "Veiluom" (left hand) {Int+6 Dex+6}
   (You found it on level 10 of the Dungeon)

   [ring of intelligence]

   Int:       It affects your intelligence (+6).
   Dex:       It affects your dexterity (+6).
 L - the ring of Shadows {Umbra +Inv Stlth+}
   (You found it on level 3 of the Elven Halls)

   [ring of stealth]

   Umbra:     It surrounds you with an aura of shadow, increasing your stealth
   and reducing the accuracy of all others within it.
   +Inv:      It lets you turn invisible.
   Stlth:     It makes you more stealthy.
 R - the amulet of the Air (around neck) {Inacc Air Fly rElec RMsl}
   (You found it in an ice cave)

   [amulet of nothing]

   Inacc:     It reduces the accuracy of your attacks and spells.
   Air:       It enhances your air magic.
   rElec:     It insulates you from electricity.
   Fly:       It grants you flight.
   RMsl:      It protects you from missiles.
Wands
 e - a wand of paralysis (35)
 g - a wand of digging (13)
 s - a wand of light (33)
 E - a wand of roots (46)
 F - a wand of polymorph (12)
 I - a wand of mindburst (40)
 J - a wand of flame (111)
Scrolls
 c - 3 scrolls of silence
 d - 24 scrolls of teleportation
 f - 12 scrolls of fear
 k - 3 scrolls of summoning
 l - 10 scrolls of blinking
 B - a scroll of poison
 O - 9 scrolls of magic mapping
 S - 11 scrolls of fog
Potions
 i - 7 potions of ambrosia
 m - 3 potions of berserk rage
 n - 5 potions of cancellation
 o - 10 potions of mutation
 u - 35 potions of curing
 x - 6 potions of heal wounds
 z - 4 potions of invisibility
 A - 6 potions of brilliance
 C - 3 potions of resistance
 G - 12 potions of magic
 K - 13 potions of lignification
 N - 6 potions of might
 V - 3 potions of haste
 Y - 2 potions of flight
Miscellaneous
 r - a lightning rod (4/4)
 t - a piece from Xom's chessboard (15/15)
 w - a phantom mirror
 y - a condenser vane
 P - a phantom mirror
 T - a tin of tremorstones (2/2)
 U - a phial of floods


   Skills:
 - Level 20.0 Fighting
 - Level 14.0(15.4) Short Blades
 - Level 11.0(14.0) Long Blades
 - Level 18.0 Ranged Weapons
 - Level 10.0 Armour
 - Level 20.0 Dodging
 - Level 10.0 Stealth
 - Level 20.0 Shields
 * Level 9.5 Spellcasting
 + Level 10.2 Translocations
 - Level 2.0 Transmutations
 - Level 5.0 Ice Magic
 - Level 10.0 Evocations


You had 32 spell levels left.
You knew the following spells:

 Your Spells              Type           Power      Damage    Failure   Level
b - Blink                 Tloc           86%        N/A       1%          2
c - Passwall              Tmut/Erth      9%         N/A       12%         2
m - Manifold Assault      Tloc           43%        N/A       1%          4
o - Ozocubu's Armour      Ice            25%        N/A       4%          3

Your spell library contained the following spells:

 Spells                   Type           Power      Damage    Failure   Level
 Apportation              Tloc           86%        N/A       1%          1
 Freeze                   Ice            100%       1d10      1%          1
 Lesser Beckoning         Tloc           86%        N/A       1%          2
 Gell's Gravitas          Tloc           43%        N/A       1%          3
 Teleport Other           Tloc           43%        N/A       1%          3
 Passage of Golubria      Tloc           43%        N/A       1%          4
 Frozen Ramparts          Ice            50%        1d8       4%          3
 Vhi's Electric Charge    Tloc/Air       76%        N/A       4%          3
 Ensorcelled Hibernation  Hex/Ice        32%        N/A       7%          2
 Sting                    Tmut/Pois      44%        1d5       9%          1
 Kindle Blastsparks       Fire/Tloc/Air  58%        2d14      9%          3
 Foxfire                  Conj/Fire      32%        2x1d5     12%         1
 Magic Dart               Conj           32%        1d4       12%         1
 Necrotise                Necr           32%        1d5       12%         1
 Sandblast                Erth           16%        2d6       12%         1
 Shock                    Conj/Air       48%        1d6       12%         1
 Hailstorm                Conj/Ice       16%        3d6       13%         3
 Iskenderun's Mystic Bla  Conj/Tloc      25%        2d7       14%         4
 Cigotuvi's Dreadful Rot  Necr/Pois/Air  24%        N/A       19%         2
 Poisonous Vapours        Pois/Air       24%        N/A       19%         2
 Scorch                   Fire           16%        2d5       19%         2
 Searing Ray              Conj           16%        2d5       19%         2
 Static Discharge         Conj/Air       24%        2-3/arc   19%         2
 Spider Form              Tmut/Pois      11%        N/A       24%         3
 Dispersal                Tloc           21%        N/A       26%         6
 Ice Form                 Ice/Tmut       20%        N/A       28%         4
 Dazzling Flash           Conj/Hex       16%        N/A       36%         3
 Inner Flame              Hex/Fire       8%         N/A       36%         3
 Mephitic Cloud           Conj/Pois/Air  12%        N/A       36%         3
 Stone Arrow              Conj/Erth      16%        3d8       36%         3
 Summon Guardian Golem    Hex/Summ       8%         N/A       36%         3
 Swiftness                Air            12%        N/A       36%         3
 Tukima's Dance           Hex            8%         N/A       36%         3
 Summon Ice Beast         Ice/Summ       16%        N/A       41%         4
 Anguish                  Hex/Necr       4%         N/A       77%         4
 Animate Armour           Summ/Erth      16%        N/A       77%         4
 Cause Fear               Hex            4%         N/A       77%         4
 Dispel Undead            Necr           8%         3d8       77%         4
 Flame Wave               Conj/Fire      8%         2d5       77%         4
 Fulminant Prism          Conj/Hex       4%         3d5       77%         4
 Leda's Liquefaction      Hex/Erth       4%         N/A       77%         4
 Sticky Flame             Conj/Fire      8%         2d3       77%         4
 Summon Lightning Spire   Summ/Air       12%        N/A       77%         4
 Metabolic Englaciation   Hex/Ice        8%         N/A       77%         5
 Blade Hands              Tmut           7%         N/A       83%         5
 Alistair's Intoxication  Tmut/Pois      7%         N/A       92%         5
 Irradiate                Conj/Tmut      5%         3d13      92%         5
 Yara's Violent Unravell  Hex/Tmut       5%         3d4       92%         5
 Arcjolt                  Conj/Air       6%         1d16      98%         5
 Fireball                 Conj/Fire      4%         3d4       98%         5
 Iskenderun's Battlesphe  Conj           8%         2d6       98%         5
 Lee's Rapid Deconstruct  Erth           4%         3d5*      98%         5
 Lightning Bolt           Conj/Air       6%         1d18      98%         5
 Summon Mana Viper        Hex/Summ       8%         N/A       98%         5
 Death Channel            Necr           4%         N/A       100%        6
 Iron Shot                Conj/Erth      4%         9d2       100%        6
 Simulacrum               Ice/Necr       8%         N/A       100%        6
 Starburst                Conj/Fire      4%         6d3       100%        6
 Statue Form              Tmut/Erth      7%         N/A       100%        6
 Dragon Form              Tmut           7%         N/A       100%        7
 Enfeeble                 Hex            4%         N/A       100%        7
 Malign Gateway           Summ/Tloc      12%        N/A       100%        7
 Monstrous Menagerie      Summ           4%         N/A       100%        7
 Orb of Destruction       Conj           4%         9d5       100%        7
 Spellforged Servitor     Conj/Summ      4%         N/A       100%        7
 Storm Form               Tmut/Air       8%         N/A       100%        7
 Discord                  Hex            4%         N/A       100%        8
 Maxwell's Capacitive Co  Air            6%         ∞         100%        8
 Summon Horrible Things   Summ           4%         N/A       100%        8
 Chain Lightning          Conj/Air       6%         3d8       100%        9
 Fire Storm               Conj/Fire      4%         8d1       100%        9


Dungeon Overview and Level Annotations

Branches:
Dungeon (15/15)            Temple (1/1) D:6            Lair (5/5) D:10
 Shoals (4/4) Lair:2        Snake (4/4) Lair:2        Slime (0/5) Lair:5
    Orc (2/2) D:12            Elf (3/3) Orc:2        Vaults (5/5) D:14
  Crypt (3/3) Vaults:2       Tomb (0/3) Crypt:3      Depths (4/4) D:15
    Zot (4/5) Depths:4    Ossuary (visited)           IceCv (visited)
Volcano (visited)

Shops:
D:1 :   D:2 !?*[*   D:5 (   Orc:2 [([(   Elf:2 =   Elf:3 (   Shoals:3 [
Snake:2 ?   Vaults:3 ?   Vaults:4 (   Depths:1 =[?

Portals:
Hell: Depths:1 Depths:2 Depths:3 Depths:4
Abyss: Depths:1 Depths:3 Depths:4
Pandemonium: Depths:2
Ziggurat: Depths:4
Trove: D:13 (show abyssal rune of Zot)

Annotations:
Zot:4 exclusion: 2 doors


Innate Abilities, Weirdness & Mutations

You have an increased reservoir of magic. (+10% MP)
You shall have no god before yourself.
Your divine heritage dramatically boosts your attributes as you level up.
You are partially covered in iridescent scales. (AC +2)
You possess an exceptional clarity of mind.
Your flesh is heat resistant. (rF+)
You are somewhat resistant to further mutation.


Message History

You shoot a bolt.
The bolt hits the Brimstone Fiend but does no damage.
The Brimstone Fiend is heavily wounded.
The Brimstone Fiend completely misses you.
You block the Brimstone Fiend's attack. x2
Fire: b) +9 hand crossbow (heavy)
Press: ? - help, Q - select action, (/) - cycle Shift-Dir - straight line, f/p - Brimstone Fiend
Aim: a Brimstone Fiend (heavily wounded, 84% to hit)
You shoot a bolt. The bolt hits the Brimstone Fiend!!
The Brimstone Fiend is severely wounded.
The Brimstone Fiend gestures at you.
The sphere of damnation explodes!
The damnation engulfs you!!
The damnation engulfs the Brimstone Fiend.
The Brimstone Fiend completely resists.
You hear a roar!
Fire: b) +9 hand crossbow (heavy)
Press: ? - help, Q - select action, (/) - cycle Shift-Dir - straight line, f/p - Brimstone Fiend
Aim: a Brimstone Fiend (severely wounded, 84% to hit)
You shoot a bolt.
The bolt closely misses the Brimstone Fiend.
You hear a bellow!
You hear a roar!
You hear a shout!
The Brimstone Fiend barely misses you.
You block the Brimstone Fiend's attack. x2
The Brimstone Fiend calls on the powers of darkness!
Your body is wracked with pain!
* * * LOW HITPOINT WARNING * * *
You hear a hideous shriek!
You hear a roar!
Fire: b) +9 hand crossbow (heavy)
Press: ? - help, Q - select action, (/) - cycle Shift-Dir - straight line, f/p - Brimstone Fiend
Aim: a Brimstone Fiend (severely wounded, 84% to hit)
You shoot a bolt.
The bolt closely misses the Brimstone Fiend.
You hear a roar!
The Brimstone Fiend gestures at you.
The sphere of damnation explodes!
The damnation engulfs you!!
* * * LOW HITPOINT WARNING * * *
The damnation engulfs the Brimstone Fiend.
The Brimstone Fiend completely resists.
The Brimstone Fiend gestures at you.
The sphere of damnation explodes!
The damnation engulfs you!!
You die...

.
..#############
..............#
#.............#
......1.......#
#@......#
##......########
#####...........
#...........
#...........
#...........
#...........
##..........
##..........


You could see a Brimstone Fiend.

Vanquished Creatures
  2 dread liches
  Khufu (Crypt:2)
  Mara (Depths:1)
  An orb of fire (Zot:3)
  An ancient lich (Vaults:4)
  2 juggernauts
  3 royal mummies (Crypt:2)
  Parghit (Depths:4)
  Saint Roka (Orc:2)
  A Killer Klown (Zot:3)
  Vashnia (Snake:2)
  Xtahua (Vaults:2)
  A caustic shrike (shapeshifter) (Elf:1)
  A caustic shrike (Depths:4)
  8 golden dragons
  Nikola (Depths:1)
  A pandemonium lord (Pan)
  2 bone dragons
  3 electric golems
  2 Brimstone Fiends (Pan)
  An Ice Fiend (Depths:1)
  3 liches
  Zenata (Crypt:1)
  24 tentacled monstrosities
  Mlioglotl (Shoals:4)
  A walking earthen tome (Depths:3)
  The ghost of drugrobin the Warrior, an adept DgDe (Snake:3)
  3 deep elf blademasters
  Asterion (Vaults:1)
  2 deep elf master archers (Elf:3)
  6 quicksilver dragons
  2 shard shrike skeletons (Crypt:3)
  4 titans
  9 ancient champions
  9 death cobs
  Agnes (D:14)
  9 sphinxes
  8 shadow dragons
  Kirke (Snake:2)
  Polyphemus (Shoals:4)
  3 tentacled starspawn (Abyss:1)
  Donald (Shoals:3)
  Roxanne (Snake:1)
  The ghost of MrSquiggles the Black Belt, an adept OpCj of Vehumet (Depths:1)
  16 storm dragons
  6 tengu reavers
  9 draconian knights
  4 draconian monks
  7 nagarajas
  4 revenants
  The ghost of drugrobin the Sensei, a journeyman DgDe (Elf:1)
  12 fire giants
  9 deep elf sorcerers
  3 ghost moths
  7 balrugs
  16 vault wardens
  9 frost giants
  8 draconian scorchers
  2 iron dragons
  A caustic shrike zombie (Crypt:2)
  5 ghouls (Crypt:1)
  A curse skull (Crypt:1)
  A juggernaut zombie (Crypt:2)
  2 deep elf elementalists (Elf:3)
  7 draconian shifters
  2 cacodemons
  Aizul (Shoals:2)
  3 demonspawn corrupters (Pan)
  17 ironbound preservers
  2 spriggan defenders
  7 draconian stormcallers
  An orc warlord (Vaults:3)
  4 caustic shrike skeletons (Crypt:3)
  2 demonspawn blood saints (Pan)
  A juggernaut skeleton (Crypt:2)
  6 draconian annihilators
  7 reapers
  A war gargoyle (Vaults:5)
  A broodmother (shapeshifter) (Elf:1)
  2 ironbound thunderhulks (Vaults:4)
  15 stone giants
  15 very ugly things
  10 green draconians
  3 vampire knights
  A demonspawn black sun (Pan)
  9 deep elf demonologists
  A starcursed mass (Abyss:1)
  6 black draconians
  10 purple draconians
  Azrael (D:12)
  11 spark wasps
  5 deep elf annihilators
  12 dire elephants
  15 red draconians
  15 white draconians
  11 yellow draconians
  14 deep elf death magi
  4 blizzard demons
  An acid blob zombie (Crypt:1)
  7 merfolk impalers
  5 merfolk javelineers
  Josephine (D:12)
  8 fire dragons
  8 ettins
  A great orb of eyes (shapeshifter) (Elf:1)
  6 eidola
  10 jiangshi
  A spriggan zombie (Crypt:2)
  6 great orbs of eyes
  4 deep elf high priests
  Fannar (D:10)
  32 vault guards
  A rakshasa (Depths:2)
  14 yaktaur captains
  3 salamander tyrants
  A hydra (shapeshifter) (Elf:1)
  10 ice dragons
  2 ogre magi
  5 ironbound frosthearts
  An anaconda (shapeshifter) (Depths:3)
  7 anacondas
  4 merfolk aquamancers
  4 catoblepae
  2 merfolk avatars
  9 hydras
  16 centaur warriors
  A fenstrider witch skeleton (Crypt:3)
  A jorogumo (shapeshifter) (Depths:3)
  3 hell beasts
  A radroach (shapeshifter) (Elf:2)
  3 death knights
  4 spriggan air magi
  4 boulder beetles
  4 two-headed ogres (Volcano)
  5 deep troll shamans
  31 dancing weapons
  8 death yaks
  10 vampire magi
  A death yak (shapeshifter) (Elf:1)
  A satyr (Shoals:4)
  A hell hog (Depths:3)
  An orc high priest (Elf:2)
  11 naga warriors
  4 thrashing horrors (Abyss:1)
  7 spriggan berserkers
  27 naga sharpshooters
  7 shock serpents
  10 tengu warriors
  2 soul eaters
  27 deep elf knights
  An emperor scorpion zombie (Crypt:1)
  3 titan skeletons (Crypt:3)
  3 hell knights
  14 sun demons
  A shock serpent (shapeshifter) (Depths:3)
  7 deep troll earth magi
  A wretched star (Abyss:1)
  Amaemon (D:10)
  4 salamander mystics (Snake:4)
  3 spriggans (Depths:2)
  A fire crab (shapeshifter) (Depths:3)
  2 shadow wraiths
  3 sixfirhies
  An iron giant zombie (Crypt:2)
  A fire crab (Lair:4)
  28 skeletal warriors
  A death drake (shapeshifter) (Depths:3)
  8 iron trolls
  11 sea snakes
  5 flayed ghosts
  53 deep trolls
  A storm dragon skeleton (Crypt:2)
  3 shadow demons (Pan)
  A death drake (Abyss:1)
  12 deep elf archers
  A swamp dragon (Lair:5)
  A glowing orange brain (D:14)
  An orb spider (shapeshifter) (Depths:3)
  7 wizards
  5 necromancers
  10 phantasmal warriors
  An obsidian statue (Depths:3)
  6 naga ritualists
  3 bunyip skeletons
  An iron giant skeleton (Crypt:2)
  15 lindwurms
  A lindwurm (shapeshifter) (Vaults:5)
  24 ironbound convokers
  A harpy (shapeshifter) (D:13)
  2 anaconda skeletons
  2 mana vipers (shapeshifter)
  4 orc sorcerers
  8 mana vipers
  19 harpies
  15 orc knights
  A goliath frog zombie (Crypt:3)
  2 wolf spiders (D:13)
  34 deep elf pyromancers
  2 fauns (Shoals:2)
  26 deep elf zephyrmancers
  37 ugly things
  An oklob plant (Orc:2)
  2 salamanders (shapeshifter)
  9 cyclopes
  2 fauns (shapeshifter)
  14 manticores
  29 moths of wrath
  2 cyclopes (shapeshifter)
  An elephant (shapeshifter) (Depths:3)
  8 large abominations
  An iron dragon skeleton (Crypt:3)
  A jorogumo skeleton (Crypt:1)
  11 salamanders
  38 black mambas
  2 merfolk sirens
  A stone giant skeleton (Crypt:3)
  2 guardian serpents
  2 rust devils (Depths:2)
  6 elephants
  14 naga magi
  3 smoke demons
  An ice statue (IceCv)
  7 water nymphs
  A torpor snail (Lair:5)
  2 centaur skeletons (Crypt:3)
  2 molten gargoyles
  13 cane toads
  2 dire elephant skeletons (Crypt:3)
  12 vault sentinels
  A cane toad (shapeshifter) (Elf:1)
  Maggie (D:10)
  6 orange demons
  2 gargoyles
  2 kobold demonologists
  A death yak zombie (Crypt:3)
  A torpor snail (shapeshifter) (Elf:1)
  Psyche (D:9)
  A rime drake (shapeshifter) (D:14)
  7 rime drakes
  8 komodo dragons
  3 freezing wraiths
  An alligator snapping turtle skeleton (Crypt:3)
  An unseen horror (D:11)
  A komodo dragon (shapeshifter) (D:14)
  A hellion (Pan)
  33 yaktaurs
  A red devil (Depths:2)
  6 tengu conjurers
  2 efreet
  An ice devil (Pan)
  A catoblepas skeleton (Crypt:3)
  2 ancient zymes (Abyss:1)
  4 guardian mummies (Depths:3)
  5 trolls
  2 sea snake skeletons
  16 merfolk
  A troll (shapeshifter) (Depths:3)
  7 polar bears
  4 hellwings
  4 hornets
  A queen bee (Lair:2)
  4 raiju (Abyss:1)
  9 wind drakes
  A wind drake (shapeshifter) (Depths:3)
  An ettin zombie (Crypt:2)
  10 snapping turtles
  2 tarantellas (shapeshifter)
  3 blink frogs (shapeshifter)
  3 harpy skeletons
  15 blink frogs
  A stone giant simulacrum (Vaults:3)
  A jumping spider zombie (Crypt:1)
  A meliai zombie (Crypt:2)
  7 dream sheep
  2 jumping spiders (shapeshifter)
  A centaur simulacrum (D:15)
  37 slime creatures
  6 flying skulls (Abyss:1)
  2 shadows (D:9)
  4 ynoxinuls
  An ice dragon skeleton (Crypt:1)
  89 yaks
  6 basilisks
  11 water elementals
  10 wraiths
  11 wyverns
  6 fire bats
  2 vampires (D:13)
  3 air elementals (Elf:3)
  A basilisk (shapeshifter) (Depths:3)
  2 hogs (shapeshifter)
  5 chaos spawn
  2 steam dragons
  5 fire elementals
  A redback (D:14)
  A hog (Snake:2)
  A redback (shapeshifter) (Depths:3)
  8 vampire mosquitoes
  3 neqoxecs
  57 nagas
  5 wargs
  5 acid dragons
  24 water moccasins
  A floating eye (shapeshifter) (Vaults:2)
  A floating eye (Depths:4)
  2 glowing shapeshifter skeletons (Vaults:3)
  9 hell hounds
  2 swamp drakes (Lair:5)
  26 orc warriors
  A sky beast (D:8)
  8 small abominations (Abyss:1)
  A sky beast (shapeshifter) (Vaults:5)
  A black bear (shapeshifter) (Depths:3)
  A naga skeleton (Crypt:3)
  A black bear (D:4)
  5 ice beasts
  A blink frog zombie (Crypt:3)
  9 boggarts
  36 wolves
  6 centaurs
  5 ogres
  3 phantoms
  4 necrophages
  2 kobold brigands
  11 bullfrogs
  An elf skeleton (Crypt:1)
  5 elf zombies (Ossuary)
  3 earth elementals
  3 scorpions
  32 wights
  A troll zombie (Crypt:2)
  42 killer bees
  8 spriggan skeletons
  4 electric eels
  A troll skeleton (D:10)
  10 howler monkeys
  7 lava snakes
  3 centaur zombies (Ossuary)
  A quasit (Abyss:1)
  26 orc priests
  3 jellies
  3 gnoll boudas
  A bullfrog zombie (Crypt:1)
  6 hounds
  A jelly (shapeshifter) (Vaults:5)
  5 human zombies
  Ijyb (D:5)
  6 iguanas
  Natasha (thrice) (D:2)
  29 orc wizards
  A hell rat (Lair:2)
  7 mummies
  Robin (D:2)
  13 gnolls
  12 adders
  14 white imps
  2 ufetubi
  A worm (shapeshifter) (D:14)
  5 worms
  5 dart slugs
  91 orcs
  7 endoplasms
  2 giant cockroaches
  9 goblins
  8 hobgoblins
  17 kobolds
  5 quokkas
  3 ball pythons
  2 bats
  A dart slug zombie (Crypt:1)
  6 frilled lizards
  5 rats
  A rat zombie (Crypt:3)
  A bush (D:9)
  A lurking horror (Abyss:1)
  A plant (D:13)
2464 creatures vanquished.

Vanquished Creatures (others)
  A draconian stormcaller (Zot:2)
  An ogre mage (Vaults:5)
  A flying skull (Abyss:1)
  An orc warrior (Orc:2)
  A boggart (Vaults:1)
  3 bushes (D:9)
  23 fungi
  130 plants
161 creatures vanquished.

Grand Total: 2625 creatures vanquished

Notes
Turn   | Place    | Note
-------+----------+-------------------------------------------
     0 | D:1      | avis the Demigod Hunter began the quest for the Orb.
     0 | D:1      | Reached XP level 1. HP: 17/17 MP: 3/3
    91 | D:1      | Reached skill level 1 in Stealth
   243 | D:1      | Reached XP level 2. HP: 24/24 MP: 4/4
   624 | D:1      | Found Ycrig's Book Shoppe.
   841 | D:2      | Reached XP level 3. HP: 29/29 MP: 5/5
   896 | D:2      | Found Daphaf's Armour Emporium.
   907 | D:2      | Found Leprulo's General Store.
   919 | D:2      | Bought a scroll of identify for 20 gold pieces
   919 | D:2      | Bought a scroll of identify for 20 gold pieces
   919 | D:2      | Bought a scroll of identify for 20 gold pieces
  1012 | D:2      | Noticed Natasha
  1023 | D:2      | Killed Natasha
  1024 | D:2      | Reached XP level 4. HP: 4/36 MP: 6/6
  1266 | D:2      | Found Esunoic's Magic Scroll Shop.
  1274 | D:2      | Bought a scroll of identify for 24 gold pieces
  1274 | D:2      | Bought a scroll of identify for 24 gold pieces
  1341 | D:2      | Noticed Natasha
  1351 | D:2      | Killed Natasha
  1694 | D:2      | Noticed Natasha
  1697 | D:2      | Killed Natasha
  1697 | D:2      | Noticed Robin
  1724 | D:2      | Killed Robin
  1725 | D:2      | Reached XP level 5. HP: 17/41 MP: 7/7
  1857 | D:2      | Found Qekk's Assorted Antiques.
  1882 | D:2      | Bought a scroll of identify for 48 gold pieces
  2006 | D:2      | Found Veohiyt's Distillery.
  2011 | D:2      | Bought a potion of degeneration for 14 gold pieces
  2285 | D:3      | Reached skill level 5 in Dodging
  2431 | D:3      | Reached XP level 6. HP: 48/48 MP: 8/8
  3151 | D:2      | Bought a potion of heal wounds for 70 gold pieces
  3745 | D:4      | Reached XP level 7. HP: 57/57 MP: 9/9
  4355 | D:5      | Entered Level 5 of the Dungeon
  4527 | D:5      | Reached skill level 5 in Ranged Weapons
  4599 | D:5      | Found a sand-covered staircase.
  4608 | Ossuary  | Entered an ossuary
  4880 | Ossuary  | Reached XP level 8. HP: 38/63 MP: 10/10
  5417 | D:5      | Noticed Ijyb
  5424 | D:5      | Killed Ijyb
  5875 | D:5      | Found Tasm's Antique Weapon Boutique.
  6529 | D:6      | Found a staircase to the Ecumenical Temple.
  6542 | Temple   | Entered the Ecumenical Temple
  7133 | D:2      | Bought a potion of flight for 42 gold pieces
  7158 | D:2      | Bought a scroll of noise for 12 gold pieces
  7158 | D:2      | Bought a scroll of blinking for 90 gold pieces
  7158 | D:2      | Bought a scroll of fear for 48 gold pieces
  7165 | D:2      | Identified a scroll of acquirement
  7167 | D:2      | Acquired a +2 hand crossbow of electrocution
  7339 | D:6      | Reached skill level 5 in Fighting
  8050 | D:7      | Reached XP level 9. HP: 74/74 MP: 11/11
  8300 | D:7      | Paralysed by a hornet for 3 turns
  8863 | D:8      | You fall into a shaft and drop 3 floors!
  8890 | D:10     | Entered Level 10 of the Dungeon
  8979 | D:9      | Noticed Psyche
  8981 | D:9      | Killed Psyche
  9207 | D:8      | Reached skill level 10 in Dodging
  9207 | D:8      | Noticed a manticore
  9216 | D:8      | Killed a manticore
  9446 | D:8      | Reached XP level 10. HP: 81/81 MP: 13/13
  9710 | D:8      | Upgraded the game from 0.30-a0-652-gcc886f7154 to
                  | 0.30-a0-672-gc3a7216ad8
  9840 | D:2      | Bought a scroll of amnesia for 48 gold pieces
 10272 | D:9      | Reached skill level 10 in Ranged Weapons
 11014 | D:10     | Found a staircase to the Lair.
 11122 | D:10     | Reached XP level 11. HP: 61/86 MP: 14/14
 11369 | D:10     | Found a transporter.
 11399 | D:10     | Found a transporter.
 11427 | D:10     | Identified the +1 pair of gloves "Forget-Me-Not" {Rampage
                  | Will+}
 11441 | D:10     | Identified the ring "Veiluom" {Int+6 Dex+6}
 11598 | D:10     | Noticed Fannar
 11610 | D:10     | Killed Fannar
 11921 | D:10     | Noticed Amaemon
 11926 | D:10     | Noticed Maggie
 11928 | D:10     | Killed Amaemon
 11942 | D:10     | Killed Maggie
 12072 | Lair:1   | Entered Level 1 of the Lair of Beasts
 12126 | Lair:1   | Reached skill level 1 in Shields
 13180 | Lair:1   | Reached XP level 12. HP: 83/100 MP: 15/15
 13647 | Lair:2   | Got the Dissertation on Sweltering Blows
 13905 | Lair:2   | Noticed an eight-headed hydra
 13910 | Lair:2   | Killed an eight-headed hydra
 13925 | Lair:2   | Found a staircase to the Snake Pit.
 14233 | Lair:2   | Found a staircase to the Shoals.
 14665 | Lair:3   | Noticed an eight-headed hydra
 14670 | Lair:3   | Killed an eight-headed hydra
 14927 | Lair:3   | You fall into a shaft and drop 2 floors!
 14927 | Lair:5   | Entered Level 5 of the Lair of Beasts
 14927 | Lair:5   | Noticed an eight-headed hydra
 14963 | Lair:4   | Found a frozen archway.
 14983 | IceCv    | Entered an ice cave
 14993 | IceCv    | Reached XP level 13. HP: 96/105 MP: 16/16
 15206 | IceCv    | Reached skill level 5 in Shields
 15421 | IceCv    | Noticed a frost giant
 15444 | IceCv    | Killed a frost giant
 15445 | IceCv    | Reached skill level 5 in Stealth
 15657 | IceCv    | Found the amulet of the Air {Inacc Air Fly rElec RMsl}
 18048 | Lair:5   | Found a staircase to the Slime Pits.
 18397 | Lair:5   | Reached skill level 15 in Ranged Weapons
 18407 | Lair:5   | Reached XP level 14. HP: 85/118 MP: 17/17
 19335 | D:2      | Bought a potion of experience for 500 gold pieces
 19385 | D:1      | Bought an Inescapable Atlas for 384 gold pieces
 19448 | D:2      | Bought a scroll labelled TEALEINESM for 24 gold pieces
 19448 | D:2      | Bought a scroll labelled TEALEINESM for 24 gold pieces
 19448 | D:2      | Reached XP level 15. HP: 124/124 MP: 18/18
 19682 | Snake:1  | Entered Level 1 of the Snake Pit
 19691 | Snake:1  | Reached skill level 15 in Dodging
 20174 | Snake:1  | Noticed Roxanne
 20749 | Snake:1  | Killed Roxanne
 20933 | Shoals:1 | Entered Level 1 of the Shoals
 21378 | Shoals:1 | Reached skill level 1 in Evocations
 22024 | Snake:2  | Reached skill level 5 in Evocations
 22509 | Snake:2  | Reached skill level 10 in Fighting
 22809 | Snake:2  | Noticed a nagaraja
 22815 | Snake:2  | Killed a nagaraja
 22816 | Snake:2  | Reached XP level 16. HP: 135/135 MP: 19/19
 23026 | Snake:2  | Found Vyutodgh's Magic Scroll Emporium.
 23040 | Snake:2  | Bought a scroll of enchant armour for 112 gold pieces
 23040 | Snake:2  | Bought a scroll of identify for 30 gold pieces
 23189 | Snake:2  | Noticed Vashnia
 23308 | Snake:2  | Killed Vashnia
 23603 | Snake:2  | Noticed Kirke
 23606 | Snake:2  | Killed Kirke
 24132 | Lair:1   | Upgraded the game from 0.30-a0-672-gc3a7216ad8 to
                  | 0.30-a0-691-g754fce4c43
 24908 | Shoals:2 | Noticed Aizul
 24919 | Shoals:2 | Killed Aizul
 26230 | Snake:3  | Found a runed translucent door.
 26230 | Snake:3  | Noticed drugrobin's ghost (adept DgDe)
 26822 | Shoals:3 | Noticed Donald
 27446 | Shoals:3 | Killed Donald
 27865 | Shoals:3 | Found Tonaph Fuos's Armour Boutique.
 27917 | Shoals:3 | Bought a +1 pair of boots of stealth for 247 gold pieces
 28459 | Lair:1   | Acquired a manual of Fighting
 28650 | D:2      | Bought a scroll of enchant weapon for 90 gold pieces
 28969 | Snake:3  | Killed drugrobin's ghost
 30321 | D:2      | Bought a scroll of brand weapon for 114 gold pieces
 30582 | D:12     | Found a staircase to the Orcish Mines.
 31059 | D:12     | Noticed Josephine
 31061 | D:12     | Killed Josephine
 31152 | D:12     | Noticed Azrael
 31163 | D:12     | Killed Azrael
 31571 | Orc:1    | Entered Level 1 of the Orcish Mines
 32401 | D:2      | Bought a scroll of enchant weapon for 180 gold pieces
 32614 | Orc:2    | Entered Level 2 of the Orcish Mines
 32634 | Orc:2    | Found a staircase to the Elven Halls.
 32678 | Orc:2    | Found Xudeozutz's Antique Weapon Shoppe.
 32707 | Orc:2    | Found a flickering gateway to a bazaar.
 32721 | Bazaar   | Entered a bazaar
 32751 | Bazaar   | Found Toej's Distillery.
 32767 | Bazaar   | Found Koatsenwou's Weapon Emporium.
 32767 | Bazaar   | Found Netun's Weapon Shoppe.
 32789 | Bazaar   | Found Qisohuiv's Antique Weapon Emporium.
 32789 | Bazaar   | Found Fidoahe's Armour Shoppe.
 32852 | Bazaar   | Bought a potion of might for 40 gold pieces
 32852 | Bazaar   | Bought a potion of heal wounds for 50 gold pieces
 32852 | Bazaar   | Bought a potion of curing for 30 gold pieces
 32932 | Orc:2    | Found a dark tunnel.
 32951 | Volcano  | Entered a volcano
 32956 | Volcano  | Reached XP level 17. HP: 144/144 MP: 20/20
 33624 | Orc:2    | Noticed Saint Roka
 34104 | Orc:2    | Killed Saint Roka
 34203 | Orc:2    | Found Likiuj's Armour Shoppe.
 34658 | Orc:2    | Found Tolih's Antique Armour Emporium.
 34662 | Orc:2    | Found Paareot's Antique Weapon Shoppe.
 35379 | Shoals:4 | Entered Level 4 of the Shoals
 35447 | Shoals:4 | Noticed Polyphemus
 35492 | Shoals:4 | Killed Polyphemus
 35833 | Shoals:4 | Noticed Mlioglotl
 35841 | Shoals:4 | Killed Mlioglotl
 36049 | Shoals:4 | Identified the +5 rapier "Pevefio" {speed, Contam rCorr
                  | Str+4 Int+3}
 36128 | Shoals:4 | Identified the +3 ring mail of Circular Logic {rCorr
                  | Stlth+}
 36638 | Shoals:4 | Reached skill level 1 in Armour
 36757 | Shoals:4 | Got a barnacled rune of Zot
 37377 | Snake:4  | Entered Level 4 of the Snake Pit
 37496 | Snake:4  | Reached skill level 5 in Armour
 38032 | Snake:4  | Reached skill level 10 in Stealth
 39349 | Snake:4  | Got a serpentine rune of Zot
 39839 | D:13     | Reached XP level 18. HP: 160/160 MP: 21/21
 40616 | D:13     | Found a portal to a secret trove of treasure.
 41517 | D:14     | Noticed Agnes
 41523 | D:14     | Killed Agnes
 41625 | D:14     | Reached skill level 10 in Evocations
 41948 | D:14     | Reached skill level 15 in Fighting
 42153 | D:14     | Got the Meditations on Thermatology and Destruction
 42620 | D:14     | Found a gate to the Vaults.
 42785 | Vaults:1 | Entered Level 1 of the Vaults
 43537 | Vaults:1 | Noticed Asterion
 43540 | Vaults:1 | Killed Asterion
 43549 | Vaults:1 | Reached skill level 10 in Shields
 43879 | Lair:1   | Upgraded the game from 0.30-a0-691-g754fce4c43 to
                  | 0.30-a0-696-g2367cd04db
 44058 | D:15     | Entered Level 15 of the Dungeon
 44360 | D:15     | Reached XP level 19. HP: 172/172 MP: 22/22
 44458 | D:15     | Found a staircase to the Depths.
 44597 | Depths:1 | Entered Level 1 of the Depths
 44754 | Depths:1 | Found Hiesem's Antique Armour Emporium.
 44755 | Depths:1 | Found Joso's Armour Shoppe.
 44755 | Depths:1 | Found Qoplim's Jewellery Emporium.
 44760 | Depths:1 | Found Gacoscha's Magic Scroll Shoppe.
 44943 | Depths:1 | Learned a level 2 spell: Blink
 44987 | Depths:1 | Reached skill level 1 in Translocations
 44989 | Depths:1 | You are sucked into a shaft and drop 1 floor!
 45566 | Depths:1 | Found a runed translucent gate.
 45567 | Depths:1 | Found a runed translucent gate.
 45570 | Depths:1 | Found a runed translucent gate.
 45571 | Depths:1 | Noticed MrSquiggles's ghost (adept OpCj)
 45861 | Depths:1 | Learned a level 2 spell: Passwall
 45898 | Depths:1 | Got Sif Muna's Guidebook on Darkness
 45900 | Depths:1 | Got Sif Muna's Compendium of Anemomancy
 45903 | Depths:1 | Got Sif Muna's Collected Works on Distance
 45981 | Depths:1 | Noticed Mara
 45987 | Depths:1 | Killed Mara
 45998 | Depths:1 | Found a one-way gate to the infinite horrors of the Abyss.
 46114 | Depths:1 | Noticed Nikola
 46120 | Depths:1 | Killed Nikola
 46123 | Depths:1 | Identified the +5 scale mail of Feuceh {rN+}
 47115 | Depths:1 | Found a gateway to Hell.
 47122 | Depths:1 | Identified the +9 rapier "Widowermaker" {spect, rC+ SInv}
 47836 | Depths:1 | Reached skill level 1 in Transmutations
 48074 | Depths:1 | Killed MrSquiggles's ghost
 48101 | Depths:1 | Identified the +1 long sword of Massacring {flame, rN+
                  | Will+}
 48164 | Depths:1 | Bought a glowing cloak for 322 gold pieces
 48176 | Depths:1 | Bought a wizard robe for 245 gold pieces
 48176 | Depths:1 | Identified the +2 robe of the Bagpipe {*Slow rF+ Str+5
                  | Dex+2} (You bought it in a shop on level 1 of the Depths)
 48415 | Elf:1    | Entered Level 1 of the Elven Halls
 48559 | Elf:1    | Noticed drugrobin's ghost (journeyman DgDe)
 48596 | Elf:1    | Found a transporter.
 48604 | Elf:1    | Found a transporter.
 48610 | Elf:1    | Identified the ring of the Morning {Fire Contam Will+ MP+9}
 50846 | Elf:1    | Reached skill level 15 in Shields
 50975 | Elf:1    | Noticed a caustic shrike
 51027 | Elf:1    | Killed a caustic shrike
 51280 | Elf:1    | Killed drugrobin's ghost
 51531 | Elf:1    | Identified the +2 helmet of Nedwum {rN+ Dex+3}
 51891 | Vaults:2 | Noticed Xtahua
 51894 | Vaults:2 | Killed Xtahua
 51988 | Vaults:1 | Reached XP level 20. HP: 183/183 MP: 24/24
 52295 | Vaults:2 | Identified the +7 chain mail of Lethargy {Contam Will+
                  | Str+2 Dex+5}
 52484 | Vaults:2 | Found a staircase to the Crypt.
 54135 | Vaults:3 | Identified the +1 pair of gloves "Bupiuh" {Stlth+}
 54291 | Vaults:3 | Identified the +3 dagger "Bydeesuq" {protect, rF+ Str+5}
 54349 | Vaults:3 | Reached skill level 10 in Armour
 54485 | Vaults:3 | Found Pepiemo's Magic Scroll Boutique.
 56864 | Vaults:4 | Found Seepuba's Weapon Emporium.
 57328 | Lair:1   | Learned a level 3 spell: Ozocubu's Armour
 58428 | Depths:1 | Reached skill level 1 in Ice Magic
 58430 | Depths:1 | Reached skill level 1 in Spellcasting
 59037 | Depths:2 | Reached XP level 21. HP: 148/191 MP: 28/28
 59480 | Depths:2 | Found a one-way gate leading to the halls of Pandemonium.
 59481 | Depths:2 | Gained mutation: You are vulnerable to cold. (rC-) [a
                  | cacodemon]
 59482 | Depths:2 | Gained mutation: Your spells are a little easier to cast,
                  | but a little less powerful. [a cacodemon]
 59482 | Depths:2 | Gained mutation: You are dopey. (Int -2) [a cacodemon]
 59483 | Depths:2 | Gained mutation: Potions are less effective at restoring
                  | your health. [a cacodemon]
 60514 | Depths:3 | Noticed a juggernaut
 60523 | Depths:3 | Killed a juggernaut
 61386 | Depths:3 | Found the +8 mithril axe "Arga" {speed, Will+}
 62067 | Depths:3 | Noticed a golden dragon
 62073 | Depths:3 | Killed a golden dragon
 62132 | Depths:3 | Identified the +0 mace "Killer Klown's Curse" {drain, rElec
                  | MP+9}
 62137 | Depths:3 | Identified the +10 flail "Niuneney" {freeze, Will- Str+5
                  | Int-2}
 62772 | Lair:1   | Upgraded the game from 0.30-a0-696-g2367cd04db to
                  | 0.30-a0-702-gdf48620a09
 62954 | Depths:4 | Entered Level 4 of the Depths
 63078 | Depths:4 | Found a one-way gateway to a ziggurat.
 63134 | Depths:4 | Noticed a caustic shrike
 63137 | Depths:4 | Killed a caustic shrike
 63141 | Depths:4 | Noticed a juggernaut
 63145 | Depths:4 | Killed a juggernaut
 63146 | Depths:4 | Reached skill level 5 in Ice Magic
 63416 | Depths:4 | Found a gate to the Realm of Zot.
 63598 | Depths:4 | Identified the +11 broad axe of the Dungeon {flame, rC+}
 63642 | Depths:4 | Got the Encyclopedia of the Breezy Hornet
 63719 | Depths:4 | Noticed Parghit
 64578 | Depths:4 | Killed Parghit
 65428 | Depths:1 | Bought a scroll of enchant weapon for 97 gold pieces
 65428 | Depths:1 | Bought a scroll of enchant armour for 97 gold pieces
 65428 | Depths:1 | Bought a scroll of fear for 52 gold pieces
 65705 | Elf:2    | Reached skill level 1 in Short Blades
 65771 | Elf:2    | Found a runed translucent gate.
 65773 | Elf:2    | Found a runed translucent gate.
 65773 | Elf:2    | Found a runed translucent gate.
 65803 | Elf:2    | Reached XP level 22. HP: 202/202 MP: 31/31
 65845 | Elf:2    | Reached skill level 5 in Short Blades
 65964 | Elf:2    | Learned a level 4 spell: Manifold Assault
 66434 | Elf:2    | Found Teij's Jewellery Shop.
 67784 | Crypt:1  | Entered Level 1 of the Crypt
 68024 | Crypt:1  | Got the Handbook of Prime Malediction
 68389 | Crypt:1  | Noticed Zenata
 68396 | Crypt:1  | Killed Zenata
 68477 | Crypt:1  | Reached skill level 5 in Translocations
 69725 | Crypt:2  | Reached skill level 10 in Short Blades
 70005 | Crypt:2  | Noticed a royal mummy
 70008 | Crypt:2  | Noticed Khufu
 70008 | Crypt:2  | Noticed a royal mummy
 70008 | Crypt:2  | Noticed a royal mummy
 70010 | Crypt:2  | Killed a royal mummy
 70019 | Crypt:2  | Killed a royal mummy
 70026 | Crypt:2  | Killed Khufu
 70033 | Crypt:2  | Killed a royal mummy
 70034 | Crypt:2  | Reached skill level 5 in Spellcasting
 71205 | Lair:1   | Lost mutation: You are vulnerable to cold. (rC-) [potion of
                  | mutation]
 71205 | Lair:1   | Lost mutation: Your spells are a little easier to cast, but
                  | a little less powerful. [potion of mutation]
 71205 | Lair:1   | Lost mutation: Potions are less effective at restoring your
                  | health. [potion of mutation]
 71205 | Lair:1   | Gained mutation: You possess an exceptional clarity of
                  | mind. [potion of mutation]
 71206 | Lair:1   | Lost mutation: You possess an exceptional clarity of mind.
                  | [potion of mutation]
 71206 | Lair:1   | Lost mutation: You are dopey. (Int -2) [potion of mutation]
 71206 | Lair:1   | Gained mutation: You possess an exceptional clarity of
                  | mind. [potion of mutation]
 71206 | Lair:1   | Gained mutation: You passively map a small area around you.
                  | [potion of mutation]
 71206 | Lair:1   | Gained mutation: Your spells are a little harder to cast,
                  | but a little more powerful. [potion of mutation]
 71206 | Lair:1   | Gained mutation: You are partially covered in iridescent
                  | scales. (AC +2) [potion of mutation]
 71465 | Vaults:5 | Entered Level 5 of the Vaults
 71481 | Vaults:5 | Noticed an ancient lich
 71712 | Vaults:4 | Killed an ancient lich
 71872 | Vaults:4 | Reached XP level 23. HP: 205/209 MP: 35/35
 72328 | Vaults:5 | Identified the +5 executioner's axe "Dauf Vymay" {vamp,
                  | rElec rN++ Will++}
 72445 | Vaults:5 | Noticed a dread lich
 72456 | Vaults:5 | Identified the amulet "Pirakoch" {Reflect rF+ Int+3 SH+5}
 72480 | Vaults:5 | HP: 2/209 [yaktaur captain/bolt (35)]
 72490 | Vaults:5 | Killed a dread lich
 73101 | Vaults:5 | Identified the +1 ring mail "Rimn" {+Blink Dex+3}
 73274 | Vaults:5 | Got a silver rune of Zot
 76441 | Elf:3    | Entered Level 3 of the Elven Halls
 76546 | Orc:2    | Bought a masterwork shortbow for 248 gold pieces
 76546 | Orc:2    | Identified the +9 shortbow "Viysm" {elec, rElec rN++ Will-
                  | SInv} (You bought it in a shop on level 2 of the Orcish
                  | Mines)
 76587 | Orc:2    | Bought a glowing helmet for 262 gold pieces
 76587 | Orc:2    | Bought an embroidered hat for 245 gold pieces
 76974 | Elf:3    | Found Juilij's Antique Weapon Shop.
 76990 | Elf:3    | Bought a twisted scimitar for 306 gold pieces
 76990 | Elf:3    | Identified the +3 scimitar "Pudisem" {drain, rC++} (You
                  | bought it in a shop on level 3 of the Elven Halls)
 78008 | Elf:3    | Identified the +2 buckler of the Salamander {Dex+2}
 78012 | Elf:3    | Identified the +3 chain mail of Tazxafaef {Will++ Dex-5
                  | SInv}
 78032 | Elf:3    | Found the ring of Shadows {Umbra +Inv Stlth+}
 78043 | Elf:3    | Identified the +3 short sword "Sacoxkau" {heavy, Fragile
                  | rC+ rN+++ Stlth+}
 78054 | Elf:3    | Identified the ring "Tequnodu" {Wiz rElec rPois Dex+3}
 78063 | Elf:3    | Identified the +6 broad axe "Kahoogecw" {venom, Fly Will++}
 79103 | Elf:3    | Identified the +2 morningstar of Stickiness {venom, rPois
                  | rCorr}
 79682 | Elf:3    | Bought a steaming falchion for 272 gold pieces
 79682 | Elf:3    | Identified the +10 falchion of the Iron City of Dis {heavy,
                  | Int+4 Dex+5} (You bought it in a shop on level 3 of the
                  | Elven Halls)
 79991 | Elf:3    | Bought a glowing falchion for 204 gold pieces
 79993 | Elf:3    | Bought a bone trident for 289 gold pieces
 79993 | Elf:3    | Identified the +8 trident "Giant's Doom" {flame, rElec}
                  | (You bought it in a shop on level 3 of the Elven Halls)
 80587 | Crypt:3  | Entered Level 3 of the Crypt
 80646 | Crypt:3  | Reached skill level 1 in Long Blades
 80946 | Crypt:3  | Found a staircase to the Tomb.
 81648 | Crypt:3  | Reached XP level 24. HP: 216/216 MP: 35/35
 82332 | Crypt:3  | Identified the +1 pair of gloves of Pawiasic {Harm *Corrode
                  | +Blink rPois Str+6}
 82357 | Crypt:3  | Noticed a dread lich
 82362 | Crypt:3  | Killed a dread lich
 82368 | Crypt:3  | Found the +27 heavy crossbow "Sniper" {heavy, Acc+∞ SInv}
 82400 | Crypt:3  | Identified the +1 great sword of Zesmasegh {freeze, Int+4
                  | Dex+2}
 82404 | Crypt:3  | Identified the ring of Uskayaw's Reproof {rElec rN+ Will+
                  | Int+2 Stlth+}
 82404 | Crypt:3  | Identified the ring of Quazas {rC++ rN+}
 82404 | Crypt:3  | Identified the ring "Vivac" {*Corrode rPois rF+ rN+}
 82412 | Crypt:3  | Identified the +2 chain mail of Mumblety Peg {+Blink}
 82424 | Crypt:3  | Reached skill level 5 in Long Blades
 83519 | Zot:1    | Entered Level 1 of the Realm of Zot
 85829 | Zot:2    | Reached skill level 10 in Long Blades
 85927 | Zot:2    | Identified the +1 scale mail of the Hidden Vale {rElec rC+
                  | rCorr Dex-4}
 87665 | Zot:3    | Noticed an orb of fire
 87670 | Zot:3    | Gained mutation: You are clumsy. (Dex -2) [an orb of fire]
 87683 | Zot:3    | Gained mutation: You occasionally lose the ability to drink
                  | potions when taking damage. [an orb of fire]
 87690 | Zot:3    | Killed an orb of fire
 88270 | Zot:3    | Identified the +9 scimitar "Xuafue" {venom, rN++ Will-}
 88276 | Zot:3    | Noticed a Killer Klown
 88283 | Zot:3    | Killed a Killer Klown
 88284 | Zot:3    | Reached XP level 25. HP: 226/226 MP: 37/37
 90076 | Zot:4    | Reached skill level 10 in Translocations
 91299 | Depths:1 | Voluntarily entered the Abyss.
 92305 | Depths:1 | Escaped the Abyss
 92448 | Lair:1   | Lost mutation: You are partially covered in iridescent
                  | scales. (AC +2) [potion of mutation]
 92448 | Lair:1   | Lost mutation: Your spells are a little harder to cast, but
                  | a little more powerful. [potion of mutation]
 92448 | Lair:1   | Gained mutation: A frigid envelope surrounds you and
                  | freezes all who hurt you. [potion of mutation]
 92448 | Lair:1   | Gained mutation: You have hidden genetic potential. [potion
                  | of mutation]
 92448 | Lair:1   | Gained mutation: You are frail. (-10% HP) [potion of
                  | mutation]
 92449 | Lair:1   | Lost mutation: You have hidden genetic potential. [potion
                  | of mutation]
 92449 | Lair:1   | Lost mutation: You passively map a small area around you.
                  | [potion of mutation]
 92449 | Lair:1   | Lost mutation: You are clumsy. (Dex -2) [potion of
                  | mutation]
 92449 | Lair:1   | Gained mutation: You are partially covered in iridescent
                  | scales. (AC +2) [potion of mutation]
 92449 | Lair:1   | Gained mutation: You are somewhat resistant to further
                  | mutation. [potion of mutation]
 92450 | Lair:1   | Lost mutation: A frigid envelope surrounds you and freezes
                  | all who hurt you. [potion of mutation]
 92450 | Lair:1   | Lost mutation: You are frail. (-10% HP) [potion of
                  | mutation]
 92450 | Lair:1   | Lost mutation: You occasionally lose the ability to drink
                  | potions when taking damage. [potion of mutation]
 92450 | Lair:1   | Gained mutation: Your flesh is heat resistant. (rF+)
                  | [potion of mutation]
 92722 | Pan      | Entered Pandemonium
 92923 | Pan      | Found a runed translucent door.
 92926 | Pan      | Found a runed translucent door.
 92930 | Pan      | Found a runed translucent door.
 93207 | Pan      | Paralysed by a Zot trap for 5 turns
 93246 | Pan      | Found a runed translucent door.
 93308 | Pan      | Noticed Jinisch the pandemonium lord
 93313 | Pan      | Killed Jinisch the pandemonium lord
 93860 | Pan      | HP: 9/231 [Brimstone Fiend/damnation (28)]
 93860 | Pan      | Killed from afar by a Brimstone Fiend

Illustrated notes

Levels and vault maps discovered:
D:1:      minmay_arrival_plants_in_alcoves, layout_loops_corners, serial_shops,
          shop_statue
D:2:      layout_basic, serial_shops, shop, nicolae_diamond_shop,
          shop_fountains, shop, shop, basic_altar, uniq_robin, uniq_natasha
D:3:      layout_loops_ring, nicolae_elyvilon_temple_path, zin_academy,
          minmay_misc_feat_alley, serial_park_tiny_1,
          chequers_serial_rivers_micro_d, nicolae_grassy_gnolls
D:4:      layout_basic, yredelemnul_altar_generic,
          nicolae_overflow_hidden_temple, roderic_lattice_a
D:5:      layout_layer_cave, enter_ossuary_2, serial_shops, shop, uniq_ijyb
D:6:      minmay_spotlight, layout_layer_cave,
          riverfiend_overflow_shadow_ancestor, overflow_temple_1_default,
          minmay_temple_entry_tees
D:7:      layout_basic
D:8:      layout_rooms, mainiacjoe_overflow_paths, kennysheep_crisscross
D:9:      layout_roguey, nicolae_uskayaw_suspiria,
          hangedman_decor_clover_reticule, minmay_hedge_maze, uniq_psyche
D:10:     gammafunk_worm_tunnel, layout_basic, hellmonk_lair_entry_icy,
          hangedman_tell_no_tales, uniq_fannar, uniq_amaemon, uniq_maggie
D:11:     layout_basic
D:12:     layout_cave_pods, orc_0_dummy, uniq_azrael, uniq_josephine
D:13:     evilmike_diamond_1, layout_cave_pools, serial_bayou,
          serial_bayou_lagoon_b, serial_bayou_lagoon_a, serial_bayou_pond_b,
          serial_bayou_pond_e, nicolae_trove_entry_diagonal
D:14:     layout_rooms, david_vaults_4, minmay_misc_feat_room,
          amcnicky_mini_corridor_feature, nicolae_rejected_hall, uniq_agnes
D:15:     hangedman_depths_entry_civil_slaughter, layout_basic,
          grunt_gozag_statues
Temple:   cyrus_circular_temple
Lair:1:   layout_misc_corridors
Lair:2:   regret_index_wax_grids, layout_chaotic_city, elwin_shoals_entry_rooms,
          minmay_snake_entry_six_corridors
Lair:3:   layout_gridlike, serial_bayou_shore_b, grunt_megastairs_1,
          infiniplex_staircase_pool
Lair:4:   layout_layer_cave, portal_ice_cave_entry_imps
Lair:5:   hangedman_lair_in_review, layout_regular_city,
          guppyfry_lair_end_dragon, minmay_slime_entry_pillars
Shoals:1: layout_shoals, st_sunken_temple
Shoals:2: layout_shoals, uniq_aizul
Shoals:3: layout_shoals, serial_shops, shop, nicolae_shoals_loop_pool,
          uniq_donald
Shoals:4: shoals_end_hangedman, layout_shoals, uniq_polyphemus, uniq_mlioglotl
Snake:1:  layout_grid_maze, nicolae_snake_shapes, uniq_roxanne
Snake:2:  layout_chambers, serial_shops, shop_statue, uniq_vashnia, uniq_kirke
Snake:3:  layout_onion, hellmonk_ghost_happy_afterlife,
          nicolae_snake_biting_tails, minmay_snake_pond
Snake:4:  minmay_snake_end_coiled, layout_onion
Orc:1:    layout_diamond_mine, basic_altar
Orc:2:    grunt_orc_community_town_hall, layout_caves,
          grunt_orc_community_big_house_1, grunt_orc_community_big_house_1,
          grunt_orc_community_house_1, grunt_orc_community_house_3,
          grunt_orc_community_house_3, grunt_orc_community_house_2,
          grunt_orc_community_house_3, serial_shops, bzr_entry_water,
          nicolae_volcano_entry_vermiform, mines3_lemuel
Elf:1:    layout_loops_corners, gammafunk_ghost_berserking_beasts,
          hangedman_elf_disciples
Elf:2:    nicolae_elf_blades_crystal_corner, layout_loops_ring, serial_shops,
          shop_coins, grunt_ministairs_15, nicolae_elf_theology_debate
Elf:3:    elf_hall, layout_geoelf_castle, serial_shops, nicolae_shop_stone
Vaults:1: v_misc_28, vaults_dpeg_diagonal, hangedman_vaults_river_flow,
          v_misc_22, v_misc_28, vaults_dpeg_spiral, hangedman_vaults_slice,
          v_misc_4, v_pattern_3, v_misc_8, v_misc_16, ontoclasm_vaults_bender,
          vaults_mumra_lcd, layout_vaults_omnibox, uniq_asterion
Vaults:2: vaults_room_semicircle, ontoclasm_vaults_idyll, v_misc_3,
          minmay_crypt_entry_simple_round, vaults_mumra_chevron_long,
          v_alt_pattern_2, grunt_vaults_hallway_short, st_smaller_cells,
          v_misc_23, v_misc_26, v_misc_22, nicolae_vaults_yaktaur_gun_rack,
          layout_vaults_maze_snakey, uniq_margery, uniq_xtahua
Vaults:3: nicolae_vaults_mini_display_case, nicolae_vaults_network_square,
          grunt_vaults_swirl, nicolae_vaults_alarming, v_alt_pattern_5,
          nicolae_vaults_network_barrier, nicolae_vaults_little_squares_2,
          layout_vaults_ring, serial_shops, nicolae_shop_waterfront
Vaults:4: nicolae_vaults_three_branches, nicolae_vaults_little_squares_2,
          nicolae_vaults_border_crossing, vaults_room_hallway,
          vaults_dpeg_encased_lava, v_misc_5, dpeg_vaults_monster_box,
          nicolae_vaults_rhombus_7, v_misc_22, nicolae_vaults_shelves_hall,
          layout_vaults_quadrants, serial_shops, nicolae_square_shop
Vaults:5: serial_shops
Crypt:1:  layout_misc_corridors, roderic_lattice_octagonal_star, uniq_zenata
Crypt:2:  layout_basic, uniq_khufu
Crypt:3:  due_elkab, layout_chaotic_city
Depths:1: layout_gridlike, biasface_ghost_demon_polymorph, abyss_entry,
          grunt_hell_entry_dis_old, nicolae_sif_muna_little_library,
          minmay_shoptagon, uniq_mara, uniq_nikola
Depths:2: hellmonk_crumbling_castle, layout_gridlike, rand_demon_pan_entry_7,
          pf_dread_powers_of_hell, hangedman_decor_peaks_small
Depths:3: vault_1, layout_honeycomb, abyss_entry, hellmouth_1,
          nicolae_figureground_pulse, minmay_guarded_unrand_curses,
          serial_bayou_shore_b
Depths:4: grunt_zot_entry_hairpin, layout_gridlike, ziggurat_fallback,
          grunt_mini_vestibule, hangedman_abyss_entry_splay, minmay_evil_grid,
          uniq_parghit
Zot:1:    layout_gridlike, grunt_megastairs_5
Zot:2:    layout_gridlike
Zot:3:    layout_concentric_octagons, hangedman_zot_decor_unnerving_road,
          grunt_ministairs_2, zot_minivault_5
Zot:4:    layout_cathedral_of_symmetry, st_stairs_3, grunt_megastairs_4,
          lemuel_elevator
Pan:      rand_demon_7, layout_long_grid, nicolae_pan_gloorx_vloqian_3,
          nicolae_pan_strange_glyphs [nicolae_pan_strange_glyph_envy,
          nicolae_pan_strange_glyph_acedia, nicolae_pan_strange_glyph_acedia],
          evilmike_mini_pan_V, layout_gridlike

Skill      XL: |  1  2  3  4  5  6  7  8  9 10 11 12 13 14 15 16 17 18 19 20 21 22 23 24 25 |
---------------+----------------------------------------------------------------------------+-----
Stealth        | 1 2 3 4 6 8 10 | 10.0
Fighting       | 2 3 5 7 9 10 11 14 16 17 18 20 | 20.0
Dodging        | 2 3 4 5 6 7 8 10 12 13 14 16 17 18 20 | 20.0
Ranged Weapons | 4 6 7 8 10 12 14 15 16 18 | 18.0
Shields        | 4 6 10 15 17 19 20 | 20.0
Evocations     | 5 7 10 | 10.0
Armour         | 5 10 | 10.0
Translocations | 2 6 9 10 | 10.2
Transmutations | 2 |  2.0
Ice Magic      | 2 5 |  5.0
Spellcasting   | 1 3 5 6 9 |  9.5
Short Blades   | 3 12 14 | 14.0
Long Blades    | 4 11 | 11.0

Action                   |  1- 3 |  4- 6 |  7- 9 | 10-12 | 13-15 | 16-18 | 19-21 | 22-24 | 25-27 || total
-------------------------+-------+-------+-------+-------+-------+-------+-------+-------+-------++-------
Melee: Rapier            |       |     1 |     4 |       |       |       |       |    13 |       ||    18
       Falchion          |       |       |     2 |       |       |       |       |   203 |       ||   205
 Fire: Shortbow          |    89 |   210 |   246 |       |       |       |       |       |       ||   545
       Hand crossbow     |       |       |   126 |   637 |   776 |  1389 |  1214 |  1204 |   296 ||  5642
       Longbow           |       |       |       |       |       |   150 |       |       |       ||   150
 Cast: Passwall          |       |       |       |       |       |       |     2 |     2 |       ||     4
       Ozocubu's Armour  |       |       |       |       |       |       |     8 |       |     1 ||     9
       Manifold Assault  |       |       |       |       |       |       |       |    35 |       ||    35
Evoke: Wand              |       |       |     2 |       |       |     7 |       |       |       ||     9
  Use: Potion            |       |     1 |     1 |       |     1 |     5 |     1 |    16 |     3 ||    28
       Scroll            |       |     3 |    11 |     3 |     3 |    23 |    11 |     9 |     5 ||    68
 Stab: Distracted        |       |       |       |       |       |       |       |     5 |       ||     5
Armor: Leather armour    |     5 |    21 |    66 |       |       |       |       |       |       ||    92
       Acid dragon scale |       |       |     7 |    24 |       |       |       |       |       ||    31
       Steam dragon scal |       |       |       |    45 |    34 |    97 |    99 |    74 |     4 ||   353
Dodge: Dodged            |     8 |    82 |   242 |   551 |   440 |  1310 |  1024 |  1037 |    79 ||  4773
       Repelled          |       |       |       |       |    12 |    20 |     6 |    13 |       ||    51
Block: Other             |       |       |    13 |    62 |       |       |       |       |       ||    75
       Reflection        |       |       |       |     5 |       |       |       |       |       ||     5
       Buckler           |       |       |       |   232 |   204 |   534 |   125 |       |       ||  1095
       Kite shield       |       |       |       |       |       |    26 |   844 |  1108 |   131 ||  2109

Table legend: (Time is in decaauts)
 A = Elapsed time spent in this place.
 B = Non-inter-level travel time spent in this place.
 C = Inter-level travel time spent in this place.
 D = Time resting spent in this place.
 E = Time spent auto-exploring this place.
 F = Levels seen in this place.
 G = Mean time per level.
                   A        B        C        D        E       F      G
               +--------+--------+--------+--------+--------+-----+--------+
         Total |  97135 |  67695 |  29440 |  13614 |  23490 |  57 | 1704.1 |
       Dungeon |  27141 |  14814 |  12327 |   2532 |   7789 |  15 | 1809.4 |
        Temple |     30 |     26 |      4 |      0 |      0 |   1 |   30.0 |
          Lair |   8497 |   6402 |   2095 |    602 |   3144 |   5 | 1699.4 |
        Shoals |   5407 |   4671 |    736 |   1063 |    140 |   4 | 1351.8 |
     Snake Pit |   7179 |   5685 |   1494 |   1298 |   1654 |   4 | 1794.8 |
  Orcish Mines |   3157 |   2140 |   1017 |    438 |    571 |   2 | 1578.5 |
   Elven Halls |   6634 |   4667 |   1967 |    653 |   1581 |   3 | 2211.3 |
        Vaults |  12738 |   7936 |   4802 |   1476 |   3088 |   5 | 2547.6 |
         Crypt |   4571 |   3763 |    808 |    509 |   1387 |   3 | 1523.7 |
        Depths |  11108 |   7649 |   3459 |   2498 |   2464 |   4 | 2777.0 |
           Zot |   6431 |   5702 |    729 |   1771 |   1449 |   4 | 1607.8 |
         Abyss |   1059 |   1059 |      0 |    156 |      0 |   1 | 1059.0 |
   Pandemonium |   1197 |   1197 |      0 |    138 |    131 |   2 |  598.5 |
        Bazaar |    187 |    187 |      0 |      0 |      0 |   1 |  187.0 |
       Ossuary |    393 |    393 |      0 |    133 |      0 |   1 |  393.0 |
      Ice Cave |    962 |    962 |      0 |    247 |     92 |   1 |  962.0 |
       Volcano |    436 |    436 |      0 |     97 |      0 |   1 |  436.0 |
               +--------+--------+--------+--------+--------+-----+--------+

Top non-repeatable levels by time:
Depths:1: 4364 daAuts
Vaults:1: 3304 daAuts
    D:14: 3159 daAuts
Depths:3: 3052 daAuts
    D:10: 2946 daAuts
    D:12: 2881 daAuts
Vaults:5: 2833 daAuts
  Lair:1: 2641 daAuts
   Elf:1: 2512 daAuts
    D:13: 2472 daAuts
   Elf:3: 2388 daAuts
   Zot:2: 2317 daAuts
Vaults:2: 2285 daAuts
Vaults:4: 2237 daAuts
Vaults:3: 2076 daAuts
